 Dungeon Crawl Stone Soup version 0.32-a0-42-ga30500b4d3 (webtiles) character file.

Game seed: 3100515393111234496

128 Ceno the Grave Robber (level 4, 0/33 HPs)
             Began as a Mummy Necromancer on Feb 1, 2024.
             Slain by a phantom (4 damage)
             ... on level 3 of the Dungeon.
             The game lasted 00:11:33 (1839 turns).

Ceno the Grave Robber (Mummy Necromancer)           Turns: 1839, Time: 00:11:34

Health: 0/33       AC:  4    Str: 11    XL:     4   Next: 87%
Magic:  8/8        EV: 11    Int: 16    God:
Gold:   83         SH:  0    Dex: 12    Spells: 1/9 levels left

rFire   x . .        b - +0 dagger
rCold   + . .        (no shield)
rNeg    + + +        j - +0 leather armour
rPois   ∞            (no helmet)
rElec   .            (no cloak)
rCorr   .            (no gloves)
SInv    .            i - +0 pair of boots
Will    .....        (no amulet)
Stlth   ++           e - +4 ring of slaying
HPRegen 0.25/turn    (no ring)
MPRegen 0.11/turn

%: faith
@: no status effects
A: cold resistance 1, negative energy resistance 3, torment resistance 2, heat
vulnerability 1, in touch with death 1, no potions, faith
a: no special abilities


You were on level 3 of the Dungeon.
You visited 1 branch of the dungeon, and saw 3 of its levels.

You collected 83 gold pieces.

Inventory:

Hand Weapons
 b - a +0 dagger (weapon)
 g - a +0 whip
 k - a +0 spear
Missiles
 c - 6 javelins
 d - 15 stones
Armour
 i - a +0 pair of boots (worn)
 j - a +0 leather armour (worn)
Jewellery
 e - a +4 ring of slaying (left hand)
Scrolls
 a - a scroll of fear {unknown}
 f - 3 scrolls of identify {unknown}
 h - a scroll of teleportation {unknown}


   Skills:
 + Level 1.7 Fighting
 - Level 1.5 Dodging
 + Level 2.6 Stealth
 - Level 3.0 Spellcasting
 * Level 5.2 Necromancy


You had one spell level left.
You knew the following spells:

 Your Spells              Type           Power      Damage    Failure   Level
a - Necrotise             Necr           100%       1d9       2%          1
b - Vampiric Draining     Necr           28%        2d8       9%          3
c - Animate Dead          Necr           28%        N/A       28%         4

Your spell library contained the following spells:

 Spells                   Type           Power      Damage    Failure   Level
 Apportation              Tloc           4%         N/A       24%         1
 Sting                    Conj/Alch      8%         1d3       24%         1
 Summon Small Mammal      Summ           8%         N/A       24%         1
 Call Canine Familiar     Summ           2%         N/A       58%         3
 Volatile Blastmotes      Fire/Tloc      4%         2d10      58%         3
 Curse of Agony           Necr           28%        N/A       61%         5
 Fulminant Prism          Conj/Alch      1%         3d5       94%         4
 Iskenderun's Mystic Bla  Conj/Tloc      2%         2d3       94%         4
 Summon Blazeheart Golem  Fire/Summ      2%         N/A       94%         4


Dungeon Overview and Level Annotations

Branches:
Dungeon (3/15)

Altars:
Qazlal

Shops:
D:2 *


Innate Abilities, Weirdness & Mutations

You are immune to poison.
Your flesh is cold resistant. (rC+)
You are immune to negative energy. (rN+++)
You are immune to unholy pain and torment.
You are vulnerable to heat. (rF-)
You are in touch with the powers of death.
You do not drink.
You have a special connection with the divine. (Faith)


Message History

Your bat skeleton barely misses the phantom.
Your bat skeleton closely misses the phantom.
Your bat skeleton hits the phantom but does no damage.
Your bat skeleton misses the phantom.
Your bat skeleton hits the phantom but does no damage.
Your bat skeleton hits the phantom but does no damage.
Your bat skeleton hits the phantom.
You hit the phantom.
The phantom is moderately damaged.
Your bat skeleton barely misses the phantom. x2
The kobold throws a stone.
The stone hits you. The phantom hits you.
The phantom blinks!
You blink.
Your bat skeleton barely misses the phantom.
The rat bites your bat skeleton.
Your bat skeleton misses the rat.
Your bat skeleton hits the rat but does no damage. x2
The rat bites your bat skeleton. The phantom attacks as it pursues you!
The phantom closely misses you.
Your bat skeleton barely misses the rat.
Your bat skeleton hits the rat but does no damage.
Your bat skeleton hits the rat.
The kobold hits your bat skeleton with a +0 short sword.
Your bat skeleton is destroyed!
The phantom attacks as it pursues you!
The phantom hits you but does no damage.
The phantom attacks as it pursues you! The phantom hits you.
* * * LOW HITPOINT WARNING * * *
The phantom blinks!
You blink.
The rat bites you.
* * * LOW HITPOINT WARNING * * *
The rat attacks as it pursues you! The rat barely misses you.
The phantom attacks as it pursues you! The phantom hits you.
* * * LOW HITPOINT WARNING * * *
The phantom blinks!
You blink.
You hit the phantom.
The phantom is moderately damaged.
The phantom hits you.
* * * LOW HITPOINT WARNING * * *
The phantom attacks as it pursues you! The phantom misses you.
You closely miss the rat. The phantom hits you.
You die...

#......#...r....
#.#.#.##........
########.#...##........
.............##.#######
#####...K........
#K##....##.#.
#.##.#.###.# #r##.#.#
#.# ##@##.#.# #.W.)...#
#..##.####.# .##
#................
##.##.####.##..#
#.##.## #.....
######.#...###.#..
..........#......#
#########...###..#


You could see a phantom, a kobold and a rat.

Vanquished Creatures
  Terence (D:3)
  3 gnolls (D:3)
  2 adders (D:3)
  5 ball pythons
  6 endoplasms
  3 giant cockroaches
  3 hobgoblins
  7 jackals
  3 quokkas (D:1)
  4 bats
  3 goblins
  3 kobolds (D:1)
  4 rats
47 creatures vanquished.

Vanquished Creatures (collateral kills)
  An orc (D:3)
  A goblin (D:1)
  A bat (D:1)
  A rat (D:1)
4 creatures vanquished.

Grand Total: 51 creatures vanquished

Notes
Turn   | Place    | Note
-------+----------+-------------------------------------------
     0 | D:1      | Ceno the Mummy Necromancer began the quest for the Orb.
     0 | D:1      | Reached XP level 1. HP: 13/13 MP: 4/4
   146 | D:1      | Reached XP level 2. HP: 19/19 MP: 1/5
   584 | D:2      | Found a stormy altar of Qazlal.
   615 | D:2      | Reached XP level 3. HP: 25/25 MP: 4/7
   655 | D:2      | Learned a level 3 spell: Vampiric Draining
   858 | D:2      | Found Yhaziel's Assorted Antiques.
  1327 | D:3      | Noticed a phantom
  1424 | D:3      | Reached skill level 1 in Fighting
  1560 | D:3      | Reached XP level 4. HP: 32/32 MP: 4/8
  1564 | D:3      | Reached skill level 5 in Necromancy
  1658 | D:2      | Learned a level 4 spell: Animate Dead
  1690 | D:3      | Noticed Terence
  1705 | D:3      | Killed Terence
  1839 | D:3      | Slain by a phantom

Illustrated notes

Levels and vault maps discovered:
D:1:      dpeg_arrival_line_fractal, layout_rooms, hangedman_decor_growths,
          serial_bayou_pond_c
D:2:      layout_loops_ring, serial_shops, shop_fountains, basic_altar,
          chequers_serial_rivers_small_a
D:3:      layout_loops_ring, chequers_mini_garden, uniq_terence

Skill      XL: |  1  2  3  4 |
---------------+-------------+-----
Spellcasting   | 3 |  3.0
Stealth        | 2 |  2.6
Fighting       | 1 |  1.7
Necromancy     | 5 |  5.2
Dodging        | |  1.5

Action                     |  1- 3 |  4- 6 || total
---------------------------+-------+-------++-------
  Melee: Dagger            |    29 |    29 ||    58
   Cast: Necrotise         |    51 |     9 ||    60
         Vampiric Draining |       |     2 ||     2
   Stab: Sleeping          |     5 |     1 ||     6
 Armour: Robe              |    24 |       ||    24
         Leather armour    |     6 |    30 ||    36
  Dodge: Dodged            |    30 |    16 ||    46

Table legend: (Time is in decaauts)
 A = Elapsed time spent in this place.
 B = Non-inter-level travel time spent in this place.
 C = Inter-level travel time spent in this place.
 D = Time resting spent in this place.
 E = Time spent auto-exploring this place.
 F = Levels seen in this place.
 G = Mean time per level.
                   A        B        C        D        E       F      G
               +--------+--------+--------+--------+--------+-----+--------+
         Total |   1852 |   1777 |     75 |    231 |    619 |   3 |  617.3 |
       Dungeon |   1852 |   1777 |     75 |    231 |    619 |   3 |  617.3 |
               +--------+--------+--------+--------+--------+-----+--------+

Top non-repeatable levels by time:
     D:2: 757 daAuts
     D:1: 596 daAuts
     D:3: 499 daAuts
